 Dungeon Crawl Stone Soup version 0.31-a0-1603-gbec6b6ccbf (webtiles) character file.

Game seed: 5594967686786112029

88 timneilson the Ruffian (level 4, 0/29 HPs)
             Began as an Octopode Shapeshifter on Jan 8, 2024.
             Killed by divine providence
             ... invoked by an orc priest
              (13 damage)
             ... on level 4 of the Dungeon.
             The game lasted 00:03:39 (2216 turns).

timneilson the Ruffian (Octopode Shapeshifter)      Turns: 2216, Time: 00:03:41

Health: 0/29       AC:  1    Str: 15    XL:     4   Next: 54%
Magic:  4/4        EV: 13    Int: 12    God:
Gold:   154        SH:  0    Dex: 11    Spells: 3/3 levels left

rFire   . .          .
                       - Unarmed
rCold   . . .        (no shield)
rNeg    . . .        (helmet currently unavailable)
rPois   .            (no amulet)
rElec   .            (no ring)
rCorr   .            (no ring)
SInv    .            (no ring)
Will    .....        (no ring)
Stlth   +++          (no ring)
HPRegen 0.24/turn    (no ring)
MPRegen 0.09/turn    (no ring)
                     (no ring)

%: no passive effects
@: beast-form
A: beast (slay +1), almost no armour, amphibious, 8 rings, camouflage 1,
gelatinous body 1, (nimble swimmer 1), tentacles
a: Begin Untransformation


You were on level 4 of the Dungeon.
You were a hulking beast.
You visited 1 branch of the dungeon, and saw 4 of its levels.

You collected 154 gold pieces.

Inventory:

Talismans
 b - a beast talisman
 c - a flux talisman
 l - a serpent talisman
Wands
 j - a wand of polymorph (9)
Scrolls
 i - a scroll of poison
 n - 2 scrolls of blinking
Potions
 a - a potion of lignification
 e - a potion of heal wounds {unknown}
 f - a potion of degeneration {unknown}
 g - a potion of attraction {unknown}
 h - 2 potions of curing
 m - a potion of might {unknown}


   Skills:
 * Level 2.0 Fighting
 * Level 2.8 Dodging
 + Level 1.7 Stealth
 * Level 3.6 Unarmed Combat
 + Level 0.0 Evocations
 * Level 3.4 Shapeshifting


You had 3 spell levels left.
You didn't know any spells.
Your spell library contained the following spells:

 Spells                   Type           Power      Damage    Failure   Level
 Call Imp                 Summ           0%         N/A       45%         2
 Sublimation of Blood     Necr           0%         N/A       45%         2
 Summon Hydra             Summ           0%         N/A       100%        7


Dungeon Overview and Level Annotations

Branches:
Dungeon (4/15)
 Temple: D:4-7

Altars:
Dithmenos

Shops:
D:2 =


Innate Abilities, Weirdness & Mutations

You are a hulking beast.
Your limbs bulge with bestial killing power. (Slay +1)
You cannot wear most types of armour.
You are amphibious.
You can wear up to eight rings at the same time.
Your skin changes colour to match your surroundings (Stealth+).
Your rubbery body absorbs attacks. (AC +1, EV +1)
((You are camouflaged when in or above water. (Stealth+)))
You have tentacles for arms and can constrict up to eight enemies at once.


Message History

The kobold hits you with a +0 short sword.
The kobold shouts!
You tentacle-slap the kobold.
You kill the kobold!
Things that are here:
a +0 short sword; 2 poisoned darts You tentacle-slap the kobold.
You kill the kobold!
You see here a +0 short sword.
HP restored.
You open the door.
There is an open door here.
You open the door.
An orc priest and an orc come into view.
Found 2 scrolls labelled ZAMIXT NUMULL.
You open the door.
An orc comes into view. It is wielding a +0 flail of draining.
The orc priest shouts!
The orc shouts!
Found a stone staircase leading up.
The orc shouts!
The orc throws a boomerang.
The boomerang hits you.
The orc priest calls down the wrath of Beogh upon you.
Beogh smites you!
There is an open door here.
You tentacle-slap the orc priest. You grab the orc priest.
The orc priest is heavily wounded.
You constrict the orc priest. The orc priest closely misses you.
You tentacle-slap the orc priest but do no damage.
You tentacle-slap the orc priest.
You squeeze the orc priest, but do no damage.
The orc priest is almost dead.
You constrict the orc priest.
The orc priest hits you with a +0 dagger.
You tentacle-slap the orc priest but do no damage.
The orc priest is almost dead.
You constrict the orc priest, but do no damage.
The orc closely misses you. The orc hits you with a +0 falchion.
The orc priest mumbles some strange prayers to Beogh against you.
Beogh smites you!
You die...

###### ######
#.....############.....
#.....#..........#.....
#.....#..........#.....
#....<#..........#.....
#....o#..........#.....
#..?.oh..........'.....
#....o###.########.....
....... #.####...#.....
........ #........#.....
.........#........#.....
.........'........#.....
.........######...#.....
..##+#### ..#.....
.######


You could see an orc priest and 2 orcs.

Vanquished Creatures
  An adder (D:2)
  2 ribbon worms (D:3)
  2 dart slugs
  An orc (D:3)
  3 endoplasms
  5 giant cockroaches
  8 goblins
  8 hobgoblins
  7 kobolds
  4 quokkas
  2 ball pythons (D:1)
  8 bats
  5 frilled lizards
  7 rats
63 creatures vanquished.

Notes
Turn   | Place    | Note
-------+----------+-------------------------------------------
     0 | D:1      | timneilson the Octopode Shapeshifter began the quest for
                  | the Orb.
     0 | D:1      | Reached XP level 1. HP: 13/13 MP: 1/1
    75 | D:1      | Reached XP level 2. HP: 18/18 MP: 2/2
   225 | D:1      | Reached skill level 1 in Stealth
   357 | D:1      | Reached XP level 3. HP: 7/23 MP: 3/3
  1052 | D:2      | Found Gim Ner's Jewellery Boutique.
  1241 | D:2      | Reached XP level 4. HP: 28/29 MP: 4/4
  1761 | D:3      | Found a shadowy altar of Dithmenos.
  2216 | D:4      | Killed from afar by an orc priest

Illustrated notes

Levels and vault maps discovered:
D:1:      scummos_arrival_checkerplants, layout_basic, minmay_misc_feat_encased,
          minmay_misc_feat_secret_circle
D:2:      layout_rooms, serial_shops, shop
D:3:      layout_rooms, grunt_dithmenos_smoke_and_mirrors, grunt_ministairs_9,
          minmay_misc_feat_rugged, nicolae_kite_square_tiling_tiny,
          reono_crystal_passage
D:4:      layout_gridville

Skill      XL: |  1  2  3  4 |
---------------+-------------+-----
Stealth        | 1 |  1.7
Fighting       | 2 |  2.0
Dodging        | |  2.8
Unarmed Combat | |  3.6
Shapeshifting  | |  3.4

Action                     |  1- 3 |  4- 6 || total
---------------------------+-------+-------++-------
  Melee: Unarmed           |    83 |    44 ||   127
         Constrict         |    22 |    12 ||    34
         Tentacles         |    10 |     8 ||    18
         Punch             |     1 |     3 ||     4
    Use: Scroll            |     2 |     5 ||     7
   Stab: Sleeping          |     5 |     4 ||     9
 Armour: Skin              |    36 |    22 ||    58
  Dodge: Dodged            |    47 |    21 ||    68

Table legend: (Time is in decaauts)
 A = Elapsed time spent in this place.
 B = Non-inter-level travel time spent in this place.
 C = Inter-level travel time spent in this place.
 D = Time resting spent in this place.
 E = Time spent auto-exploring this place.
 F = Levels seen in this place.
 G = Mean time per level.
                   A        B        C        D        E       F      G
               +--------+--------+--------+--------+--------+-----+--------+
         Total |   2207 |   2148 |     59 |    100 |   1605 |   4 |  551.8 |
       Dungeon |   2207 |   2148 |     59 |    100 |   1605 |   4 |  551.8 |
               +--------+--------+--------+--------+--------+-----+--------+

Top non-repeatable levels by time:
     D:1: 863 daAuts
     D:3: 689 daAuts
     D:2: 577 daAuts
     D:4: 77 daAuts
